Map: 营救矿工

Players

斗鱼夏遇初临

  • Race: Zerg Zerg
  • League: Diamond
  • Spawn Location: 7:00

二年级二班永亮

  • Race: Zerg Zerg

VOD

Have the link to the VOD?

Description

Time

  • Played on: Feb. 12, 2018, 9:39 p.m.
  • Length: 11:00
Show
View Real Time Build Order
Export as new Build Order

斗鱼夏遇初临 Zerg 

Build Orders:  

Get SALT Encoding   

  12  0:03  Drone  
  13  0:12  Drone  
  14  0:26  Overlord  
  14  0:31  Extractor  
  14  0:36  Drone  
  14  0:48  Drone, Extractor  
  14  0:51  Drone  
  15  1:02  Drone  
  16  1:17  Drone  
  17  1:31  Spawning Pool  
  16  1:41  Drone  
  16  1:47  Drone  
  18  2:09  Lair  
  18  2:16  Drone  
  19  2:26  Drone  
  20  2:33  Drone  
  21  2:49  Drone  
  22  3:11  Nydus Network  
  22  3:14  Drone  
  22  3:29  Overlord  
  22  3:30  Nydus Network  
  22  3:37  Evolution Chamber  
  20  3:40  Drone  
  21  4:03  Hive  
  21  4:05  Omega Worm  
  21  4:12  Drone  
  22  4:26  Omega Worm  
  22  4:37  Drone x2  
  22  4:38  Drone  
  25  4:46  Drone  
  25  4:48  Heroic Fortitude  
  26  5:12  Chain Reaction  
  26  5:20  Omega Worm  
  26  5:28  Queen  
  26  5:29  Overlord  
  27  5:33  Drone x2  
  27  5:34  Hydralisk Den  
  28  5:47  Omega Worm  
  28  5:48  Ability Efficiency  
  28  5:49  Drone  
  29  6:02  Drone  
  30  6:22  Drone  
  31  6:31  Omega Worm  
  31  6:39  Drone  
  32  6:49  Drone  
  33  7:07  Overlord  
  33  7:08  Overlord x2  
  33  7:40  Omega Worm  
  33  7:47  Hydralisk  
  33  7:48  Hydralisk x2  
  41  8:00  Hydralisk  
  41  8:12  Spore Crawler  
  41  8:14  Spore Crawler x3  
  41  8:17  Spore Crawler  
  41  8:19  Spore Crawler, Hydralisk x4  
  35  8:23  Spore Crawler, Omega Worm  
  35  8:28  Lurker x4  
  38  8:36  Hydralisk x2  
  38  8:39  Zerg Missile Weapons Level 1  
  43  8:40  Hydralisk  
  43  8:45  Seismic Spines  
  43  8:57  Hydralisk x2  
  43  8:58  Omega Worm  
  43  9:06  Lurker x2  
  47  9:32  Hydralisk x2  
  47  9:50  Omega Worm  
  47  9:59  Hydralisk x2  
  51  10:02  Hydralisk  
  51  10:03  Hydralisk  
  51  10:08  Lurker x2  
  53  10:10  Drone  
  53  10:25  Omega Worm  
Show
View Real Time Build Order
Export as new Build Order

二年级二班永亮 Zerg 

Build Orders:  

Get SALT Encoding   

  18  0:03  Primal Drone  
  19  0:11  Primal Drone  
  19  0:18  Primal Drone  
  21  0:25  Primal Drone  
  22  0:33  Extractor  
  22  0:37  Primal Drone  
  23  1:05  Primal Drone  
  23  1:07  Primal Warden  
  25  1:11  Primal Drone  
  26  1:21  Primal Drone  
  27  1:37  Primal Drone  
  29  1:55  Primal Drone  
  30  2:01  Primal Warden  
  30  2:13  Glevig's Den  
  30  2:15  Primal Drone  
  30  2:28  Primal Drone  
  31  2:46  Primal Drone  
  33  2:55  Primal Warden  
  33  3:07  Primal Drone  
  34  3:14  Primal Drone  
  35  3:37  Primal Drone  
  36  3:46  Murvar's Den  
  29  4:40  Primal Drone x2  
  29  4:41  Primal Drone x2  
  29  4:48  Primal Wurm  
  34  5:31  Primal Drone  
  34  5:32  Primal Drone x2  
  34  5:33  Primal Wurm  
  38  6:06  Primal Drone  
  38  6:07  Primal Drone  
  37  6:19  Dakrun's Den  
  36  6:24  Primal Drone  
  37  6:46  Primal Drone  
  40  6:51  Primal Wurm  
  40  6:52  Primal Wurm  
  40  6:54  Primal Wurm  
  41  7:49  Primal Drone x2  
  41  7:50  Primal Drone x3  
  40  8:50  Primal Wurm  
  40  8:51  Primal Wurm x2  
  40  8:55  Primal Wurm  
  40  8:57  Primal Wurm  
  42  9:18  Primal Drone  
  42  9:19  Primal Drone x4  
  41  10:06  Primal Drone  
  41  10:07  Primal Drone x2  
Tags
 
League
Diamond
Matchup
Co-op
Replay Pack
Co-op Speedrun
Add a new tag
Caveats
  • Supply blocks, unpowered buildings, or Contaminate may cause inaccurate times.
  • Supply counts are checked every 10 seconds.